 Dungeon Crawl Stone Soup version 0.31-a0-819-gf6de2f5ab6 (webtiles) character file.

Game seed: 10439509025262611710

123 qw the Shooter (level 5, -2/32 HPs)
             Began as a Gargoyle Hunter on Sept 23, 2023.
             Slain by an ogre
             ... wielding a +0 giant spiked club
              (15 damage)
             ... on level 4 of the Dungeon.
             The game lasted 00:00:45 (2403 turns).

qw the Shooter (Gargoyle Hunter)                    Turns: 2403, Time: 00:00:46

Health: -2/32      AC:  9    Str: 14    XL:     5   Next: 7%
Magic:  5/5        EV: 10    Int: 10    God:
Gold:   139        SH:  0    Dex: 15    Spells: 4/4 levels left

rFire   . . .        Y - +0 shortbow
rCold   . . .        (shield currently unavailable)
rNeg    + . .        d - +0 ring mail
rPois   inf          (no helmet)
rElec   +            (no cloak)
rCorr   .            (no gloves)
SInv    +            (no boots)
Will    .....        (no amulet)
Stlth   +            i - ring of see invisible
HPRegen 0.25/turn    (no ring)
MPRegen 0.09/turn

%: no passive effects
@: no status effects
A: sickness immunity, AC +4, negative energy resistance 1, electricity
resistance, torment resistance 1, petrification resistance
a: no special abilities


You were on level 4 of the Dungeon.
You visited 1 branch of the dungeon, and saw 4 of its levels.

You collected 139 gold pieces.


Innate Abilities, Weirdness & Mutations

You are immune to sickness and miasma.
Your stone body is resilient. (AC +4)
You are immune to poison.
You resist negative energy. (rN+)
You are resistant to electric shocks. (rElec)
You are resistant to unholy torment.
You are immune to petrification.


   Skills:
 - Level 3.0 Fighting
 + Level 5.7 Ranged Weapons
 - Level 1.0 Armour
 - Level 1.5 Dodging
 - Level 1.1 Stealth


You had 4 spell levels left.
You didn't know any spells.
Your spell library was empty.

Inventory:

Hand Weapons
 Y - a +0 shortbow (weapon)
Armour
 d - a +0 ring mail (worn)
Jewellery
 i - a ring of see invisible (left hand)
Scrolls
 f - a scroll of identify
Potions
 e - a potion of curing {unknown}
 h - a potion of enlightenment
 j - a potion of might {unknown}
 k - a potion of magic {unknown}
 n - 2 potions of heal wounds {unknown}

Dungeon Overview and Level Annotations

Branches:
Dungeon (4/15)
 Temple: D:4-7

Altars:
Uskayaw

Shops:
D:3 (


Message History

An ogre comes into view. It is wielding a +0 giant spiked club.
You shoot an arrow. The arrow completely misses the ogre.
You hear a shout!
An orc comes into view. It is wielding a +0 flail.
You shoot an arrow. The arrow closely misses the orc.
The orc closely misses you.
You shoot an arrow. The arrow barely misses the orc.
The orc barely misses you.
You shoot an arrow.
The arrow hits the orc but does no damage.
The orc hits you with a +0 flail!
You shoot an arrow. The arrow barely misses the orc.
The orc completely misses you.
You shoot an arrow.
The arrow hits the orc but does no damage.
The orc barely misses you. The orc hits you but does no damage.
You shoot an arrow. The arrow hits the orc.
The orc is almost dead.
The orc hits you with a +0 flail.
You shoot an arrow.
The arrow hits the orc but does no damage.
The orc is almost dead.
The orc hits you but does no damage.
You shoot an arrow. The arrow closely misses the orc.
The orc hits you with a +0 flail.
You shoot an arrow.
The arrow hits the orc but does no damage.
The orc is almost dead.
The orc closely misses you.
You shoot an arrow. The arrow hits the orc!
You kill the orc!
The ogre hits you with a +0 giant spiked club!
You shoot an arrow. The arrow barely misses the ogre.
You shoot an arrow. The arrow hits the ogre!
The ogre is moderately wounded.
The ogre hits you but does no damage.
You shoot an arrow. The arrow hits the ogre.
The ogre is moderately wounded.
The ogre hits you with a +0 giant spiked club!
You die...

#........#.#
.....#####. .....#
.. .....# .....#.#
######.# .......#
#######.# ########
#.O...... ####.###
#@# #......# #.#
#.##.#.# #.#
###.##.#.#######.#
....##...........#
##..####.####.#.##
#..####.# #.#.#
#.....######.#.#
#.#####... .)#.#


You could see an ogre.

Vanquished Creatures
  An orc wizard (D:3)
  5 adders
  A worm (D:2)
  5 orcs
  3 bats (D:3)
  2 endoplasms
  A giant cockroach (D:2)
  4 goblins
  6 hobgoblins
  3 quokkas
  5 ball pythons
  4 frilled lizards
  3 kobolds (D:3)
  2 rats (D:1)
45 creatures vanquished.

Notes
Turn   | Place    | Note
-------+----------+-------------------------------------------
     0 | D:1      | qw the Gargoyle Hunter began the quest for the Orb.
     0 | D:1      | Reached XP level 1. HP: 12/12 MP: 1/1
     0 | D:1      | 0 ||| qw: Version: 0.3-a-83-gcd0e7d8
     0 | D:1      | 0 ||| qw: Game counter: 1752
     0 | D:1      | 0 ||| qw: Melee chars always use a shield: true
     0 | D:1      | 0 ||| qw: God list: Okawaru
     0 | D:1      | 0 ||| qw: Allow faded altars: false
     0 | D:1      | 0 ||| qw: Do Orc after clearing Dungeon:15 true
     0 | D:1      | 0 ||| qw: Do second Lair branch before Depths: true
     0 | D:1      | 0 ||| qw: Lair rune preference: random
     0 | D:1      | 0 ||| qw: Goals: Normal
     0 | D:1      | 0 ||| PLANNING D:1-11
   442 | D:1      | You fall into a shaft and drop 1 floor!
   451 | D:2      | Reached XP level 2. HP: 13/17 MP: 2/2
   531 | D:2      | Reached skill level 5 in Ranged Weapons
   531 | D:2      | Reached XP level 3. HP: 21/21 MP: 3/3
   533 | D:2      | Found a hide-covered altar of Uskayaw.
   628 | D:2      | 628 ||| UPGRADING to ring of see invisible.
   629 | D:2      | 629 ||| READING scroll labelled JUXTOU UDGHO.
   630 | D:2      | 630 ||| READING scroll labelled KAATEVVUMM.
   631 | D:2      | 631 ||| READING 2 scrolls labelled ZEODYJ QEMOIJI.
   632 | D:2      | 632 ||| READING scroll labelled NEIGGOLAC.
   633 | D:2      | 633 ||| DROPPING scroll of butterflies.
   954 | D:2      | Found a faded altar of an unknown god.
  1314 | D:2      | 1314 ||| UPGRADING to +0 ring mail.
  1324 | D:2      | 1324 ||| DROPPING +0 leather armour.
  1325 | D:2      | 1325 ||| READING 2 scrolls labelled ATOELU PUDDEO.
  1326 | D:2      | 1326 ||| DROPPING scroll of fog.
  1623 | D:3      | Reached skill level 1 in Armour
  1623 | D:3      | Reached XP level 4. HP: 27/27 MP: 4/4
  1627 | D:3      | Reached skill level 3 in Fighting
  1821 | D:3      | Reached XP level 5. HP: 32/32 MP: 5/5
  2080 | D:3      | Found Hell's Weapon Boutique.
  2091 | D:3      | 2091 ||| READING 2 scrolls labelled YNGIOZIO PANURR.
  2096 | D:3      | 2096 ||| READING scroll labelled GAFEEXT XAUSE.
  2097 | D:3      | 2097 ||| READING scroll labelled YRANNUOWNI.
  2120 | D:3      | 2120 ||| READING scroll labelled VOAV NEAHOY.
  2121 | D:3      | 2121 ||| DRINKING 2 sedimented cyan potions.
  2122 | D:3      | 2122 ||| READING 3 scrolls of identify.
  2122 | D:3      | 2122 ||| IDENTIFYING amethyst potion
  2123 | D:3      | 2123 ||| READING 2 scrolls of identify.
  2123 | D:3      | 2123 ||| IDENTIFYING fuming blue potion
  2124 | D:3      | 2124 ||| DROPPING potion of berserk rage.
  2125 | D:3      | 2125 ||| DROPPING potion of degeneration.
  2196 | D:4      | Noticed a black bear
  2207 | D:4      | HP: 7/32 [black bear (4)]
  2208 | D:4      | 2208 ||| READING scroll of teleportation.
  2389 | D:4      | Noticed an ogre
  2403 | D:4      | Slain by an ogre

Levels and vault maps discovered:
D:1:      shiori_arrival_elements, layout_basic, nicolae_titane
D:2:      layout_basic, basic_altar, shapermc_ecumenical_altar_flowoftime,
          minmay_tree_intersection
D:3:      layout_basic, serial_shops, nicolae_shop_pleasant_corner_grove,
          grunt_ministairs_5
D:4:      layout_loops_cross, serial_co_window_serial, co_window_corner_a,
          co_window_of_opportunity_a, co_window_paths_a, co_window_paths_b,
          co_window_paths_a, co_window_paths_b, co_window_paths_a,
          co_window_of_opportunity_a, co_window_corner_a, co_window_corner_cb,
          co_window_corner_b, co_window_broadway_c, co_window_corner_b,
          co_window_of_opportunity_c, co_window_4corner_b, co_window_paths_d,
          glass_columns_a, glass_columns_c, glass_columns_b, uniq_grinder,
          uniq_eustachio

Skill      XL: |  1  2  3  4 |
---------------+-------------+-----
Ranged Weapons | 5 |  5.7
Armour         | 1 |  1.0
Fighting       | 3 |  3.0
Dodging        | |  1.5
Stealth        | |  1.1

Action                     |  1- 3 |  4- 6 || total
---------------------------+-------+-------++-------
   Fire: Shortbow          |    71 |    84 ||   155
    Use: Scroll            |     5 |     7 ||    12
         Potion            |       |     1 ||     1
 Armour: Leather armour    |     6 |       ||     6
         Ring mail         |     3 |    49 ||    52
  Dodge: Dodged            |     9 |    27 ||    36

Table legend:
 A = Non-vault XP
 B = Vault XP
 C = Vault XP percentage of total XP
 D = Non-vault monster count
 E = Vault monster count
 F = Vault count percentage of total count
                 A         B        C        D         E       F
            +---------+---------+-------+---------+---------+-------
      Total |     173 |       4 |   2.3 |      43 |       2 |   4.4
            +---------+---------+-------+---------+---------+-------
        D:1 |       9 |       0 |   0.0 |       6 |       0 |   0.0
        D:2 |      59 |       0 |   0.0 |      12 |       0 |   0.0
        D:3 |      98 |       4 |   3.9 |      22 |       2 |   8.3
        D:4 |       7 |       0 |   0.0 |       3 |       0 |   0.0
            +---------+---------+-------+---------+---------+-------
